AoeStats
← HenryEnrique

Arena

509798843Analyzed
4v4 RM · 3d ago on Sep 28, 2026· 50m 57s· 8 players
Game mode
Random Map
Map size
Large (8 player)
Population
200
Speed
Normal
Resources
Standard
Victory
Conquest
Starting age
Dark Age
Ending age
Imperial Age
RankedLock teamsTeams togetherTeam positionsShared explorationLock speedFull tech treeHidden civsTurbo modeCheats
Victory
Defeat
🇨🇳 Malians · China
926
+13
🇬🇧 Poles · United Kingdom
909
+13
🇮🇳 Italians · India
861
+15
🇨🇱 Ethiopians · Chile
806
+17
🇲🇽 Japanese · Mexico
887
-16
🇲🇽 Sicilians · Mexico
882
-16
🇲🇽 Poles · Mexico
861
-15
🇲🇽 Teutons · Mexico
747
-11
darkLord
10:24 Feudal Age
16:25 Castle Age
19:31 Horse Collar
21:02 Double-Bit Axe
25:49 Town Watch
25:52 Loom
26:55 Wheelbarrow
26:50 Heavy Plow
29:29 Hand Cart
29:58 Ballistics
29:29 Fletching
29:40 Padded Archer Armor
33:47 Imperial Age
31:46 Leather Archer Armor
32:35 Bodkin Arrow
33:26 Forging
35:39 Chemistry
34:52 Bracer
34:50 Gold Mining
35:42 Crop Rotation
37:04 Iron Casting
36:29 Scale Mail Armor
37:00 Ring Archer Armor
36:49 Bow Saw
37:13 Elite Genoese Crossbowman
39:25 Chain Mail Armor
42:47 Town Patrol
43:50 Blast Furnace
43:20 Plate Mail Armor
Kanis
11:04 Feudal Age
13:19 Double-Bit Axe
13:42 Horse Collar
18:34 Castle Age
19:58 Heavy Plow
20:14 Bow Saw
23:02 Loom
23:04 Town Watch
23:55 Wheelbarrow
23:30 Stone Mining
25:04 Stone Shaft Mining
25:05 Town Patrol
26:00 Gold Mining
26:49 Ballistics
27:40 Hand Cart
29:51 Gold Shaft Mining
29:16 Crossbowman
30:02 Thumb Ring
36:15 Imperial Age
36:48 Scale Mail Armor
36:58 Forging
36:50 Padded Archer Armor
38:01 Chemistry
37:13 Masonry
37:08 Siege Engineers
36:58 Murder Holes
36:49 Arbalester
37:09 Elite Shotel Warrior
40:17 Conscription
42:38 Chain Mail Armor
42:58 Iron Casting
42:14 Fletching
42:39 Leather Archer Armor
45:23 Architecture
45:39 Elite Skirmisher
JTF1 W◯lf 103 {WYR}
11:47 Feudal Age
12:24 Stone Mining
12:23 Double-Bit Axe
12:23 Horse Collar
18:40 Castle Age
18:50 Scale Mail Armor
19:01 Forging
19:45 Squires
20:03 Chain Mail Armor
21:30 Fletching
22:29 Loom
24:58 Heavy Plow
30:11 Imperial Age
28:09 Bow Saw
28:40 Gold Mining
29:58 Iron Casting
30:54 Wheelbarrow
34:28 Crop Rotation
34:16 Hand Cart
35:42 Blast Furnace
35:13 Plate Mail Armor
35:01 Elite Obuch
36:25 Conscription
38:25 Lechitic Legacy
38:13 Scale Barding Armor
39:32 Coinage
40:29 Bloodlines
39:41 Light Cavalry
40:23 Husbandry
40:46 Chain Barding Armor
41:03 Banking
40:34 Winged Hussar
46:38 Chemistry
45:44 Siege Engineers
45:52 Fortified Wall
48:52 Town Watch
49:45 Fervor
坦诚哥
11:31 Feudal Age
15:47 Castle Age
13:42 Loom
14:15 Double-Bit Axe
14:49 Stone Mining
15:10 Horse Collar
17:51 Gold Mining
25:41 Bow Saw
27:03 Wheelbarrow
26:52 Scale Mail Armor
29:52 Chain Mail Armor
29:48 Forging
30:49 Heavy Plow
32:18 Iron Casting
32:09 Fletching
33:18 Town Watch
33:35 Squires
33:21 Arson
33:20 Man-at-Arms
35:07 Long Swordsman
39:11 Gold Shaft Mining
41:20 Stone Shaft Mining
41:08 Scale Barding Armor
41:22 Hand Cart
44:25 Imperial Age
45:31 Conscription
45:43 Plate Mail Armor
45:31 Guilds
44:46 Two-Handed Swordsman
46:25 Crop Rotation
45:50 Champion
46:42 Town Patrol
50:40 Fortified Wall
50:41 Masonry
51:32 Chain Barding Armor
Creizyllama
5:17 Loom
9:16 Feudal Age
9:49 Double-Bit Axe
10:52 Horse Collar
12:46 Wheelbarrow
20:41 Stone Mining
24:47 Gold Mining
28:15 Bloodlines
36:58 Fletching
41:01 Castle Age
43:38 Castle Age
HenryEnrique
3:18 Loom
13:23 Feudal Age
13:45 Horse Collar
13:53 Double-Bit Axe
22:25 Castle Age
24:42 Gold Mining
26:03 Scale Barding Armor
26:09 Forging
29:25 Heavy Plow
31:56 Bow Saw
34:59 Imperial Age
34:44 Scale Mail Armor
37:10 Chemistry
35:58 Arrowslits
37:32 Ironclad
36:39 Cavalier
37:57 Elite Teutonic Knight
39:00 Crenellations
42:20 Chain Barding Armor
42:36 Iron Casting
43:49 Paladin
47:07 Plate Barding Armor
Gazpacho
7:14 Loom
10:05 Feudal Age
10:31 Double-Bit Axe
18:50 Castle Age
17:10 Horse Collar
17:42 Arson
17:51 Fletching
19:14 Forging
19:47 Bow Saw
22:22 Bodkin Arrow
22:48 Crossbowman
26:55 Wheelbarrow
26:09 Town Watch
31:48 Imperial Age
31:31 Heavy Plow
32:00 Fervor
33:17 Hand Cart
34:54 Ballistics
35:36 Chemistry
34:16 Treadmill Crane
36:10 Two-Man Saw
36:30 Conscription
35:31 Elite Samurai
36:14 Scale Mail Armor
36:25 Forging
36:43 Stone Mining
36:43 Gold Mining
37:21 Thumb Ring
38:48 Iron Casting
38:28 Chain Mail Armor
38:29 Arbalester
39:11 Bracer
39:12 Padded Archer Armor
40:35 Blast Furnace
39:48 Masonry
41:10 Plate Mail Armor
40:48 Town Patrol
44:47 Kataparuto
45:44 Heavy Cavalry Archer
47:12 Caravan
47:52 Light Cavalry
48:34 Husbandry
49:24 Scale Barding Armor
49:35 Leather Archer Armor
mariusly1
8:46 Loom
10:37 Feudal Age
11:43 Double-Bit Axe
11:56 Horse Collar
16:59 Castle Age
18:30 Bow Saw
23:17 Scale Mail Armor
28:34 Fletching
29:15 Heavy Plow
34:41 Wheelbarrow
38:39 Imperial Age
39:58 Bodkin Arrow
40:04 Padded Archer Armor
39:28 Crossbowman
40:12 Arbalester
43:18 Bracer
43:25 Town Watch
44:36 Leather Archer Armor
48:01 Chemistry
Connection lost

Rejoining the realm…

Still unreachable

The connection could not be restored.

Session expired

The server has moved on; the page needs a fresh start.